 Dungeon Crawl Stone Soup version 0.17.0-26-gececa24 (webtiles) character file.

373 Raultor the Changer (level 6, 0/38 HPs)
             Began as an Octopode Transmuter on Nov 19, 2015.
             Succumbed to poison (a potion of poison)
             ... on level 4 of the Dungeon.
             The game lasted 00:10:26 (3367 turns).

Raultor the Changer (Octopode Transmuter)           Turns: 3367, Time: 00:10:27

Health: 0/38       AC:  2    Str: 10    XL:     6   Next: 72%
Magic:  4/9        EV: 20    Int: 15    God:
Gold:   255        SH:  0    Dex: 19    Spells: 3 memorised, 1 level left

rFire  . . .     SeeInvis .       - Unarmed
rCold  . . .     Clarity  .     (shield currently unavailable)
rNeg   . . .     SustAt   .     (helmet currently unavailable)
rPois  x         Gourm    .     (no amulet)
rElec  .         Spirit   .     g - ring of stealth
rCorr  .         Warding  .     (no ring)
rMut   .         Stasis   .     (no ring)
MR     .....                    (no ring)
Stlth  +++.......               (no ring)
                                (no ring)
                                (no ring)
                                (no ring)

@: lethally poisoned (0 -> -28), spider-form, very slightly contaminated, not
resistant to hostile enchantments, fairly stealthy
A: almost no armour, amphibious, 8 rings, (constrict 8), (camouflage 0),
(gelatinous body 0)
a: End Transformation


You were on level 4 of the Dungeon.
You were not hungry.
You were a venomous arachnid creature.
You visited 1 branch of the dungeon, and saw 4 of its levels.

You collected 255 gold pieces.

Inventory:

Missiles
 a - 66 arrows
 l - 183 stones (quivered)
Jewellery
 g - a ring of stealth (left front leg)
Wands
 j - a wand of frost (16)
 n - a wand of confusion (21)
 o - a wand of polymorph (8)
 v - a wand of digging (7)
Scrolls
 d - a scroll of remove curse {unknown}
 e - a scroll of teleportation {unknown}
 h - a scroll of blinking {unknown}
 i - 5 scrolls of identify {unknown}
 p - a scroll of random uselessness {unknown}
Potions
 f - a potion of heal wounds {unknown}
 k - a potion of curing {unknown}
 q - a potion of experience {unknown}
 r - 2 potions of poison
 s - a potion of cancellation {unknown}
 t - a potion of degeneration {unknown}
Books
 b - a book of Changes

   Spells                             Type                      Level
   a - Beastly Appendage              Transmutation                1
   b - Sticks to Snakes               Transmutation                2
   c - Spider Form                    Transmutation/Poison         3
   d - Ice Form                       Ice/Transmutation            4
   e - Blade Hands                    Transmutation                5
Comestibles
 c - 3 bread rations
 m - a meat ration


   Skills:
 - Level 1.0 Fighting
 - Level 2.0 Dodging
 - Level 3.0 Unarmed Combat
 - Level 2.0 Spellcasting
 + Level 6.0 Transmutations
 * Level 3.1 Ice Magic


You had one spell level left.
You knew the following spells:

 Your Spells              Type           Power        Failure   Level  Hunger
a - Beastly Appendage     Trmt           ###...       8%          1    #......
b - Spider Form           Trmt/Pois      ##........   41%         3    ###....
c - Ice Form              Ice/Trmt       ###.....     56%         4    #####..


Dungeon Overview and Level Annotations

Branches:
Dungeon (4/15)
 Temple: D:4-7

Altars:
Elyvilon
Kikubaaqudgha
Xom

Annotations:
D:2 Sigmund


Innate Abilities, Weirdness & Mutations

You cannot wear most types of armour.
You are amphibious.
You can wear up to eight rings at the same time.
((You can use your tentacles to constrict eight enemies at once.))
((Your skin changes colour to match your surroundings (Stealth).))
((Your rubbery body absorbs attacks (AC +1).))


Message History

Evoke which item? (* to show all) (? for menu, Esc to quit)
Okay, then.
The orc wizard casts a cantrip, but nothing happens.
The orc wizard hits you with a dagger.
Casting: Spider Form
Confirm with . or Enter, or press ? or * to list all spells.
You turn into a venomous arachnid creature.
The orc wizard points at you and mumbles some strange words.
The magic dart hits you! The orc wizard hits you with a dagger.
* * * LOW HITPOINT WARNING * * *
The orc wizard completely misses you. The orc wizard casts a spell at you.
The magic dart hits you!
* * * LOW HITPOINT WARNING * * *
Drink which item? (? for menu, Esc to quit)
It was a potion of poison.
That liquid tasted very nasty...
You are lethally poisoned!
You die...

#......# # #......# #...##.#.#
#......#
#...+..#.#########......#######
#...##>.................o....o.
##...##.#.###.#####......##.....
#....##)#..##.# #......##.....
##....##.##.##.#########.###.....
......##..........####.....#.....
##....#####.....so...o.....#.....
#.......##................#.....
#....##.###..###.....##+###.....
#....##.# ##.# #.....# #.....
#....##.# #.. #........ ######
#....##.# ##.###.......#
##......# .. #.......# #......#
#.##.......# #.####'####
.########.#


You could see 2 orc wizards.

Vanquished Creatures
  3 crimson imps (D:4)
  An orc priest (D:3)
  Terence (D:2)
  Natasha (thrice) (D:2)
  An orc wizard (D:3)
  A gnoll (D:1)
  6 adders
  An ooze (D:1)
  A worm (D:4)
  2 giant geckos
  14 orcs
  9 goblins
  10 hobgoblins
  3 jackals (D:3)
  A quokka (D:2)
  A ball python (D:3)
  9 bats
  3 giant cockroaches
  4 giant newts
  8 kobolds
  8 rats
90 creatures vanquished.

Notes
Turn   | Place    | Note
--------------------------------------------------------------
     0 | D:1      | Raultor the Octopode Transmuter began the quest for the Orb.
     0 | D:1      | Reached XP level 1. HP: 13/13 MP: 3/3
   114 | D:1      | Reached XP level 2. HP: 11/18 MP: 5/5
   575 | D:1      | Reached XP level 3. HP: 8/23 MP: 4/6
   939 | D:2      | Found a faded altar to an unknown god.
   973 | D:2      | Reached skill level 4 in Transmutations
   980 | D:2      | Noticed Natasha
   986 | D:2      | Learned a level 3 spell: Spider Form
  1032 | D:2      | Killed Natasha
  1032 | D:2      | Reached XP level 4. HP: 14/28 MP: 7/7
  1096 | D:2      | Noticed Natasha
  1101 | D:2      | Killed Natasha
  1103 | D:2      | Noticed Terence
  1148 | D:2      | Noticed Natasha
  1154 | D:2      | Killed Natasha
  1253 | D:2      | Killed Terence
  1279 | D:2      | Reached skill level 5 in Transmutations
  1289 | D:2      | Reached XP level 5. HP: 33/33 MP: 8/8
  1401 | D:2      | Learned a level 4 spell: Ice Form
  1417 | D:2      | Found an ancient bone altar of Kikubaaqudgha.
  1455 | D:2      | Found a white marble altar of Elyvilon.
  1459 | D:2      | Noticed Sigmund
  1848 | D:3      | Reached skill level 1 in Ice Magic
  2705 | D:3      | Reached XP level 6. HP: 25/38 MP: 9/9
  3221 | D:4      | Found a shimmering altar of Xom.
  3315 | D:4      | Reached skill level 6 in Transmutations
  3367 | D:4      | Succumbed to poison (a potion of poison)

Action                   |  1- 3 |  4- 6 || total
-------------------------+-------+-------++-------
Melee: Unarmed           |    91 |   162 ||   253
Throw: Stone             |       |     2 ||     2
 Cast: Beastly Appendage |     1 |     3 ||     4
       Spider Form       |       |     7 ||     7
  Use: Potion            |       |     1 ||     1
 Stab: Sleeping          |     4 |    10 ||    14
       Distracted        |       |     2 ||     2
  Eat: Chunk             |       |     9 ||     9
